 Dungeon Crawl Stone Soup version 0.22-a0-377-g846bec1 (webtiles) character file.

1267 grindst0ne the Shield-Bearer (level 8, -1/60 HPs)
             Began as an Octopode Fighter on Apr 27, 2018.
             Slain by a brown ugly thing (17 damage)
             ... on level 6 of the Dungeon.
             The game lasted 00:06:04 (4653 turns).

grindst0ne the Shield-Bearer (Octopode Fighter)     Turns: 4653, Time: 00:06:05

Health: -1/60      AC: -7    Str: 16    XL:     8   Next: 53%
Magic:  11/11      EV: 12    Int: 12    God:
Gold:   229        SH: 14    Dex: 11    Spells: 7/7 levels left

rFire    . . .     SeeInvis .   a - +0 war axe
rCold    . . .     Gourm    .   b - +0 shield
rNeg     . . .     Faith    .   (helmet restricted)
rPois    .         Spirit   .   l - +4 amulet of reflection
rElec    .         Reflect  +   (no ring)
rCorr    .         Harm     .   (no ring)
MR       .....                  (no ring)
Stlth    ++........             (no ring)
HPRegen  0.20/turn              (no ring)
MPRegen  0.12/turn              (no ring)
                                (no ring)
                                (no ring)

@: about to teleport, corroded
A: almost no armour, stealthy swim, amphibious, 8 rings, constrict 8, camouflage
1, gelatinous body 1
a: no special abilities


You were on level 6 of the Dungeon.
You were not hungry.

You visited 1 branch of the dungeon, and saw 6 of its levels.

You collected 229 gold pieces.

Inventory:

Hand Weapons
 a - a +0 war axe (weapon)
Armour
 b - a +0 shield (worn)
Jewellery
 l - a +4 amulet of reflection (around mantle)
Wands
 j - a wand of digging (10)
 t - a wand of clouds (4)
Scrolls
 e - 2 scrolls of identify
 g - 2 scrolls of immolation
 h - 2 scrolls of magic mapping
 i - 2 scrolls of amnesia
 m - 2 scrolls of teleportation
 n - a scroll of random uselessness {unknown}
 p - a scroll of remove curse
 q - 2 scrolls of enchant weapon {unknown}
Potions
 c - a potion of might
 f - a potion of magic {unknown}
 k - a potion of brilliance
 o - 2 potions of flight {unknown}
 s - a potion of ambrosia {unknown}
 u - a potion of cancellation {unknown}
 v - a potion of resistance {unknown}
 w - a potion of heal wounds {unknown}
Comestibles
 d - 13 rations


   Skills:
 + Level 7.1 Fighting
 - Level 2.0 Axes
 - Level 3.0 Dodging
 + Level 7.1 Shields
 + Level 4.2 Evocations


You had 7 spell levels left.
You didn't know any spells.

Dungeon Overview and Level Annotations

Branches:
Dungeon (6/15)
 Temple: D:4-7

Altars:
Cheibriados
Yredelemnul

Shops:
D:4 (


Innate Abilities, Weirdness & Mutations

You cannot wear most types of armour.
You are very stealthy in the water. (Stealth+)
You are amphibious.
You can wear up to eight rings at the same time.
You can use your tentacles to constrict eight enemies at once.
Your skin changes colour to match your surroundings (Stealth+).
Your rubbery body absorbs attacks. (AC +1, EV +1)


Message History

Evoke which item? (* to show all) (? for menu, Esc to quit)
Aiming: Cloud Cone
Press: ? - help, Dir - move target cursor, f - brown ugly thing
Aim: a brown ugly thing You create a blast of poison gas!
The brown ugly thing is engulfed in poison gas.
The brown ugly thing is poisoned.
The brown ugly thing claws you! The acid corrodes you!
You are splashed with acid!
The acid burns!
You barely miss the brown ugly thing. You grab the brown ugly thing.
The brown ugly thing is lightly wounded.
You constrict the brown ugly thing.
The brown ugly thing is engulfed in poison gas.
The brown ugly thing looks even sicker.
The brown ugly thing claws you! The acid corrodes you!
You are splashed with acid!
The acid burns!
* * * LOW HITPOINT WARNING * * *
Okay, then.
As you read the scroll of teleportation, it crumbles to dust.
You feel strangely unstable.
You constrict the brown ugly thing.
The brown ugly thing looks even sicker.
The brown ugly thing claws you!
You die...

### ##@# ##u## ##§##
#########§###################
#.......§§...............#...
#........................#...
#........................#...
#.....##....########.....#...
.. #.....##....# #.....#...


You could see a brown ugly thing.

Vanquished Creatures
  Sigmund (D:5)
  Eustachio (D:5)
  2 ogres (D:5)
  2 centaurs
  A howler monkey (D:4)
  2 crimson imps (D:6)
  A bullfrog skeleton (D:6)
  2 hounds
  3 centaur skeletons
  A jelly (D:6)
  2 worker ants
  A hound skeleton (D:4)
  10 gnolls
  7 adders
  2 oozes
  2 worms (D:4)
  2 dart slugs
  2 leopard geckos
  5 orcs
  8 bats
  3 giant cockroaches
  10 goblins
  11 hobgoblins
  3 jackals (D:1)
  3 ball pythons
  6 frilled lizards
  10 kobolds
  11 rats
  A spectral orc (D:4)
115 creatures vanquished.

Notes
Turn   | Place    | Note
-------+----------+-------------------------------------------
     0 | D:1      | grindst0ne the Octopode Fighter began the quest for the Orb.
     0 | D:1      | Reached XP level 1. HP: 16/16 MP: 1/1
    92 | D:1      | Reached XP level 2. HP: 20/21 MP: 2/2
   343 | D:1      | Reached XP level 3. HP: 24/26 MP: 3/3
   843 | D:2      | Reached XP level 4. HP: 30/33 MP: 4/4
  1138 | D:2      | Reached XP level 5. HP: 32/38 MP: 5/5
  2273 | D:4      | Found Deicon's Weapon Emporium.
  2383 | D:4      | Reached skill level 5 in Shields
  2387 | D:4      | Reached skill level 5 in Fighting
  2394 | D:4      | Reached XP level 6. HP: 34/45 MP: 6/6
  3184 | D:4      | Found a basalt altar of Yredelemnul.
  3278 | D:4      | Reached XP level 7. HP: 47/51 MP: 7/7
  3360 | D:5      | Entered Level 5 of the Dungeon
  3371 | D:5      | Reached skill level 1 in Evocations
  3618 | D:5      | Noticed Sigmund
  3626 | D:5      | Killed Sigmund
  3918 | D:5      | Noticed Eustachio
  3919 | D:5      | Found a snail-covered altar of Cheibriados.
  3932 | D:5      | Killed Eustachio
  3932 | D:5      | Reached XP level 8. HP: 58/58 MP: 10/10
  4637 | D:6      | Noticed a brown ugly thing
  4653 | D:6      | Slain by a brown ugly thing

Vault maps used:
D:1:      lightli_arrival_lavapool, minmay_heptomino_l4
D:3:      first_ration
D:4:      yredelemnul_forgotten_temple_becter, serial_shops, shop,
          kennysheep_small_square
D:5:      basic_altar, uniq_eustachio, uniq_sigmund

Skill      XL: |  1  2  3  4  5  6  7  8 |
---------------+-------------------------+-----
Fighting       | 4 5 6 7 |  7.1
Shields        | 4 5 6 7 |  7.1
Evocations     | 3 4 |  4.2
Axes           | |  2.0
Dodging        | |  3.0

Action                   |  1- 3 |  4- 6 |  7- 9 || total
-------------------------+-------+-------+-------++-------
Melee: War axe           |    52 |   135 |    63 ||   250
       Constrict         |    13 |    35 |    11 ||    59
       Tentacles         |     6 |    24 |    12 ||    42
Evoke: Wand              |       |       |     2 ||     2
  Use: Scroll            |       |     6 |     1 ||     7
 Stab: Sleeping          |     1 |     9 |     2 ||    12
  Eat: Chunk             |       |     8 |     4 ||    12
Armor: Skin              |     7 |     7 |       ||    14
Dodge: Dodged            |    20 |    51 |    27 ||    98
Block: Shield            |    29 |    99 |    45 ||   173
       Reflection        |       |     1 |       ||     1

Table legend:
 A = Spawn XP
 B = Non-spawn XP
 C = Spawn XP percentage of total XP
 D = Spawn monster count
 E = Non-spawn monster count
 F = Spawn count percentage of total count
 G = Total turns spent on level
                    A         B        C        D         E        F      G
               +---------+---------+-------+---------+---------+-------+---------
         Total |       0 |    1811 |   0.0 |       0 |     115 |   0.0 |  4653
               +---------+---------+-------+---------+---------+-------+---------
           D:1 |       0 |      55 |   0.0 |       0 |      30 |   0.0 |   613
           D:2 |       0 |     189 |   0.0 |       0 |      33 |   0.0 |   945
           D:3 |       0 |      21 |   0.0 |       0 |      14 |   0.0 |   700
           D:4 |       0 |     355 |   0.0 |       0 |      22 |   0.0 |  1102
           D:5 |       0 |     893 |   0.0 |       0 |      11 |   0.0 |   919
           D:6 |       0 |     298 |   0.0 |       0 |       5 |   0.0 |   374
               +---------+---------+-------+---------+---------+-------+---------
